Blackhawks vs Panthers

Created - 20 novembre 2017 at 05:57

Goals
1 2 3 OT1 T
Blackhawks 0 1 2 0 3
Panthers 1 1 1 1 4
Shots
1 2 3 OT1 T
Blackhawks 15 7 12 2 36
Panthers 12 9 9 1 31

1st period

1. Panthers , Andrew Ladd 3 (Alec Martinez 3) at 12:20

Penalties :
Nathan Beaulieu (FLA) for Slashing (Minor) at 15:34

2nd period

2. Blackhawks , Niklas Hjalmarsson 1 (Johan Larsson 6, Brett Connolly 6) at 11:00
3. Panthers , Mats Zuccarello 7 (Alec Martinez 4) at 12:54

Penalties :
Ryan Ellis (CHI) for Holding (Minor) at 7:29, Adam McQuaid (FLA) for Diving (Minor) at 13:23

3rd period

4. Panthers , J.T. Miller 11 (Mats Zuccarello 14, Aleksander Barkov 12) at 2:35 (PP)
5. Blackhawks , Sven Andrighetto 5 (Vladislav Namestnikov 6) at 13:21
6. Blackhawks , Johan Larsson 3 (Brett Connolly 7, Andrei Markov 10) at 17:41

Penalties :
Chris Kunitz (CHI) for Hooking (Minor) at 2:31, Tomas Plekanec (FLA) for Hooking (Minor) at 13:28

Overtime #1

7. Panthers , J.T. Miller 12 (Andrew Ladd 3) at 3:44

Penalties :
No Penalty

Goalie Stats

Frederik Andersen (CHI), 27 saves from 31 shots - (0,871), OTL, 6-6-4, 63:44 minutes
Carter Hutton (FLA), 33 saves from 36 shots - (0,917), W, 6-1-0, 63:44 minutes

Players Stats for Blackhawks

Player Name              G  A  P  +/- PIM S  H  SB GA TA FO     MP     PP MP  PK MP  
------------------------------------------------------------------------------------
Alexander Steen          0  0  0  -1  0   1  1  0  0  0  7/12   19:23   2:33   1:02 
Andrei Markov            0  1  1   1  0   3  2  2  0  0  0/0    27:08   3:39   1:16 
Andrew Shaw              0  0  0  -1  0   2  4  0  1  0  1/3    22:47   3:21   0:01 
Andy Greene              0  0  0   0  0   0  0  1  0  1  0/0    19:19   2:18   0:51 
Brandon Davidson         0  0  0   0  0   0  0  0  0  1  0/0    15:07   0:00   0:00 
Brett Connolly           0  2  2   2  0   2  0  1  1  1  0/0     8:41   0:00   0:15 
Carl Hagelin             0  0  0  -1  0   0  3  0  0  0  0/1    17:35   2:33   0:35 
Chris Kunitz             0  0  0   0  2   4  0  0  0  0  0/0    13:22   0:05   0:45 
Derek Forbort            0  0  0  -1  0   1  1  0  0  0  0/0    14:57   0:00   0:00 
Eric Staal               0  0  0  -1  0   3  1  0  1  1  16/30  22:32   3:19   0:18 
Henrik Zetterberg        0  0  0  -1  0   3  2  1  1  0  0/3    22:37   3:19   0:18 
Johan Larsson            1  1  2   2  0   4  0  0  1  1  3/4     8:36   0:00   0:23 
Niklas Hjalmarsson       1  0  1   1  0   1  0  0  0  1  0/0    20:29   2:18   1:20 
Ryan Ellis               0  0  0   0  2   4  2  3  1  1  0/0    26:47   3:39   0:04 
Sven Andrighetto         1  0  1   1  0   3  0  0  1  0  0/2    10:45   0:00   0:00 
Tanner Glass             0  0  0   2  0   1  2  0  0  0  0/0     8:35   0:08   0:00 
Vladislav Namestnikov    0  1  1   1  0   1  0  0  1  1  4/9    11:44   0:00   0:40 
Zach Parise              0  0  0  -2  0   3  1  0  0  0  0/3    18:43   2:33   0:24 

Players Stats for Panthers

Player Name              G  A  P  +/- PIM S  H  SB GA TA FO     MP     PP MP  PK MP  
------------------------------------------------------------------------------------
Adam McQuaid             0  0  0   0  2   0  1  1  1  0  0/0    19:12   0:52   1:55 
Alec Martinez            0  2  2   0  0   1  1  3  2  2  0/0    28:30   1:11   3:23 
Aleksander Barkov        0  1  1   0  0   4  1  1  0  0  12/27  21:20   1:04   2:48 
Ales Hemsky              0  0  0   0  0   4  0  0  0  0  0/0    11:49   0:00   0:00 
Andrew Ladd              1  1  2   0  0   6  1  0  0  0  1/1    17:14   0:59   1:11 
Blake Comeau             0  0  0  -1  0   3  4  0  1  0  0/0    17:15   0:59   0:15 
Corey Tropp              0  0  0   0  0   0  1  0  0  1  0/1     8:50   0:00   0:00 
Devante Smith-Pelly      0  0  0   0  0   0  0  0  0  0  0/0     8:50   0:00   0:00 
Fedor Tyutin             0  0  0   0  0   0  3  2  0  0  0/0    20:17   0:52   3:03 
J.T. Miller              2  0  2   1  0   2  0  1  0  1  4/4    18:32   1:04   0:00 
Jay Bouwmeester          0  0  0   1  0   2  2  0  0  2  0/0    28:22   1:11   3:01 
Kyle Brodziak            0  0  0   0  0   0  2  0  0  0  4/10   14:07   0:00   0:51 
Mats Zuccarello          1  1  2   0  0   1  0  0  0  0  0/0    21:15   1:04   2:48 
Matt Greene              0  0  0  -1  0   0  0  2  0  1  0/0    15:00   0:00   0:32 
Matt Moulson             0  0  0   0  0   5  0  0  1  0  0/1    13:52   0:00   2:18 
Nathan Beaulieu          0  0  0  -1  2   0  2  5  0  0  0/0    13:55   0:00   0:00 
Ryan White               0  0  0   0  0   0  2  0  2  0  1/4    10:33   0:00   1:43 
Tomas Plekanec           0  0  0  -1  2   3  1  0  1  1  14/19  16:19   0:59   0:00 

3 Stars

1 - J.T. Miller (FLA)
2 - Johan Larsson (CHI)
3 - Andrew Ladd (FLA)

Power Play

Blackhawks - 0 on 3 Attempt(s) - 0,00%
Panthers - 1 on 2 Attempt(s) - 50,00%

Penalty Kill

Blackhawks - 1 on 2 Attempt(s) - 50,00% - Score 0 goal in Penalty Kill
Panthers - 3 on 3 Attempt(s) - 100,00% - Score 0 goal in Penalty Kill

Team Stat

Blackhawks - Hits : 19 - Faceoff Wins : 31 - Blocked Shots : 8 - Penalty Minutes : 4
Panthers - Hits : 21 - Faceoff Wins : 36 - Blocked Shots : 15 - Penalty Minutes : 6

Official

Referees : Kyle Rehman and Justin StPierre
Linesman : Devin Berg and Shandor Alphonso

Game Notes

No Game Note

Finance

Level 1 -- Attendance: 6000 (100,00%) -- Ticket Income 600 000 $
Level 2 -- Attendance: 4593 (91,86%) -- Ticket Income 275 580 $
Level 3 -- Attendance: 1784 (89,20%) -- Ticket Income 62 440 $
Level 4 -- Attendance: 3968 (99,20%) -- Ticket Income 79 360 $
Luxury Box -- Attendance: 703 (70,30%) -- Ticket Income 140 600 $
Game was played at the Sunrise Arena.
Total Attendance: 17048 (94,71%)
Total Ticket Income: 1 157 980 $
Other Income: 567 410 $
Total Income: 1 725 390 $

Blackhawks

5 vs 5 Forward 
   Center                   Left Wing                Right Wing               Time % Phy DF OF 
 1 Eric Staal               Henrik Zetterberg        Andrew Shaw              40     1   2  2  
 2 Alexander Steen          Zach Parise              Carl Hagelin             30     1   2  2  
 3 Vladislav Namestnikov    Chris Kunitz             Sven Andrighetto         20     1   2  2  
 4 Johan Larsson            Brett Connolly           Tanner Glass             10     1   2  2  

5 vs 5 Defense 
   Defense                  Defense                                           Time % Phy DF OF 
 1 Ryan Ellis               Andrei Markov                                     40     1   2  2  
 2 Niklas Hjalmarsson       Andy Greene                                       30     1   2  2  
 3 Derek Forbort            Brandon Davidson                                  20     1   2  2  
 4 Ryan Ellis               Andrei Markov                                     10     1   2  2  

PowerPlay Forward 
   Center                   Left Wing                Right Wing               Time % Phy DF OF 
 1 Eric Staal               Henrik Zetterberg        Andrew Shaw              60     1   2  2  
 2 Alexander Steen          Zach Parise              Carl Hagelin             40     1   2  2  

PowerPlay Defense
   Defense                  Defense                                           Time % Phy DF OF 
 1 Ryan Ellis               Andrei Markov                                     60     1   2  2  
 2 Niklas Hjalmarsson       Andy Greene                                       40     1   2  2  

Penalty Kill 4 Players Forward 
   Center                   Wing                     Time % Phy DF OF 
 1 Eric Staal               Henrik Zetterberg        60     1   2  2  
 2 Alexander Steen          Zach Parise              40     1   2  2  

Penalty Kill 4 Players Defense
   Defense                  Defense                  Time % Phy DF OF 
 1 Ryan Ellis               Andrei Markov            60     1   2  2  
 2 Niklas Hjalmarsson       Andy Greene              40     1   2  2  

Penalty Kill - 3 Players Forward 
   Forward                                           Time % Phy DF OF 
 1 Eric Staal                                        60     1   2  2  
 2 Henrik Zetterberg                                 40     1   2  2  

Penalty Kill - 3 Players Defense
   Defense                  Defense                  Time % Phy DF OF 
 1 Ryan Ellis               Andrei Markov            60     1   2  2  
 2 Niklas Hjalmarsson       Andy Greene              40     1   2  2  

4 vs 4 Forward 
   Center                   Wing                     Time % Phy DF OF 
 1 Eric Staal               Henrik Zetterberg        60     1   2  2  
 2 Alexander Steen          Zach Parise              40     1   2  2  

4 vs 4 Defense
   Defense                  Defense                  Time % Phy DF OF 
 1 Ryan Ellis               Andrei Markov            60     1   2  2  
 2 Niklas Hjalmarsson       Andy Greene              40     1   2  2  

Last Minutes Offensive
   Center                   Left Wing                Right Wing               Defense                  Defense                  
   Eric Staal               Henrik Zetterberg        Andrew Shaw              Ryan Ellis               Andrei Markov            

Last Minutes Defensive
   Center                   Left Wing                Right Wing               Defense                  Defense                  
   Eric Staal               Henrik Zetterberg        Andrew Shaw              Ryan Ellis               Andrei Markov            

Goaltenders
Starting : Frederik Andersen        
Backup : Mike Condon              

Extra Forwards
Normal : Tanner Glass, Chris Kunitz, Vladislav Namestnikov - PP : Tanner Glass, Chris Kunitz - PK : Vladislav Namestnikov
Extra Defensemen
Normal : Derek Forbort, Brandon Davidson, Niklas Hjalmarsson - PP : Derek Forbort - PK : Brandon Davidson, Niklas Hjalmarsson
Penalty Shots
Eric Staal, Henrik Zetterberg, Alexander Steen, Zach Parise, Andrew Shaw
Custom OT Lines Forwards
Eric Staal, Henrik Zetterberg, Alexander Steen, Zach Parise, Andrew Shaw, Chris Kunitz, Carl Hagelin, Vladislav Namestnikov, Johan Larsson, Sven Andrighetto
Custom OT Lines Defensemen
Ryan Ellis, Andrei Markov, Niklas Hjalmarsson, Andy Greene, Derek Forbort

Scratches
None

Panthers

5 vs 5 Forward 
   Center                   Left Wing                Right Wing               Time % Phy DF OF 
 1 Aleksander Barkov        Mats Zuccarello          J.T. Miller              34     1   2  2  
 2 Tomas Plekanec           Andrew Ladd              Blake Comeau             30     1   2  2  
 3 Kyle Brodziak            Matt Moulson             Ales Hemsky              23     1   2  2  
 4 Ryan White               Devante Smith-Pelly      Corey Tropp              13     1   2  2  

5 vs 5 Defense 
   Defense                  Defense                                           Time % Phy DF OF 
 1 Jay Bouwmeester          Alec Martinez                                     40     1   2  2  
 2 Fedor Tyutin             Adam McQuaid                                      30     1   2  2  
 3 Nathan Beaulieu          Matt Greene                                       20     1   2  2  
 4 Jay Bouwmeester          Alec Martinez                                     10     1   2  2  

PowerPlay Forward 
   Center                   Left Wing                Right Wing               Time % Phy DF OF 
 1 Aleksander Barkov        Mats Zuccarello          J.T. Miller              60     1   2  2  
 2 Tomas Plekanec           Andrew Ladd              Blake Comeau             40     1   2  2  

PowerPlay Defense
   Defense                  Defense                                           Time % Phy DF OF 
 1 Jay Bouwmeester          Alec Martinez                                     60     1   2  2  
 2 Fedor Tyutin             Adam McQuaid                                      40     1   2  2  

Penalty Kill 4 Players Forward 
   Center                   Wing                     Time % Phy DF OF 
 1 Aleksander Barkov        Mats Zuccarello          60     1   2  2  
 2 Ryan White               Matt Moulson             40     1   2  2  

Penalty Kill 4 Players Defense
   Defense                  Defense                  Time % Phy DF OF 
 1 Jay Bouwmeester          Alec Martinez            60     1   2  2  
 2 Fedor Tyutin             Adam McQuaid             40     1   2  2  

Penalty Kill - 3 Players Forward 
   Forward                                           Time % Phy DF OF 
 1 Aleksander Barkov                                 60     1   2  2  
 2 Mats Zuccarello                                   40     1   2  2  

Penalty Kill - 3 Players Defense
   Defense                  Defense                  Time % Phy DF OF 
 1 Jay Bouwmeester          Alec Martinez            60     1   2  2  
 2 Fedor Tyutin             Adam McQuaid             40     1   2  2  

4 vs 4 Forward 
   Center                   Wing                     Time % Phy DF OF 
 1 Aleksander Barkov        Mats Zuccarello          60     1   2  2  
 2 J.T. Miller              Andrew Ladd              40     1   2  2  

4 vs 4 Defense
   Defense                  Defense                  Time % Phy DF OF 
 1 Jay Bouwmeester          Alec Martinez            60     1   2  2  
 2 Fedor Tyutin             Adam McQuaid             40     1   2  2  

Last Minutes Offensive
   Center                   Left Wing                Right Wing               Defense                  Defense                  
   Aleksander Barkov        Mats Zuccarello          J.T. Miller              Jay Bouwmeester          Alec Martinez            

Last Minutes Defensive
   Center                   Left Wing                Right Wing               Defense                  Defense                  
   Aleksander Barkov        Mats Zuccarello          J.T. Miller              Jay Bouwmeester          Alec Martinez            

Goaltenders
Starting : Carter Hutton            
Backup : Pekka Rinne              

Extra Forwards
Normal : Ales Hemsky, Kyle Brodziak, Matt Moulson - PP : Ales Hemsky, Kyle Brodziak - PK : Matt Moulson
Extra Defensemen
Normal : Nathan Beaulieu, Matt Greene, Fedor Tyutin - PP : Nathan Beaulieu - PK : Matt Greene, Fedor Tyutin
Penalty Shots
Aleksander Barkov, Mats Zuccarello, J.T. Miller, Tomas Plekanec, Andrew Ladd
Custom OT Lines Forwards
Aleksander Barkov, Mats Zuccarello, J.T. Miller, Tomas Plekanec, Andrew Ladd, Blake Comeau, Ales Hemsky, Kyle Brodziak, Matt Moulson, Devante Smith-Pelly
Custom OT Lines Defensemen
Jay Bouwmeester, Alec Martinez, Fedor Tyutin, Adam McQuaid, Nathan Beaulieu

Scratches
Jakub Kindl (Healthy), Josh Jooris (Healthy)

% Time on Ice - Blackhawks

Lines # - Real PCT - Wanted PCT - Time Play
Normal Forward
1 - 35% - 40% - 18:20
2 - 28% - 30% - 14:42
3 - 21% - 20% - 10:45
4 - 16% - 10% - 8:13
Normal Defense
1 - 38% - 40% - 19:39
2 - 30% - 30% - 15:25
3 - 29% - 20% - 14:57
4 - 4% - 10% - 1:59
PP Forward
1 - 57% - 60% - 3:24
2 - 43% - 40% - 2:33
PP Defense
1 - 61% - 60% - 3:39
2 - 39% - 40% - 2:18
PK Forward
1 - 80% - 60% - 1:39
2 - 20% - 40% - 0:24
PK Defense
1 - 100% - 60% - 2:03
2 - 0% - 40% - 0:00
PK3 Forward
1 - 0% - 60%
2 - 0% - 40%
PK3 Defense
1 - 0% - 60%
2 - 0% - 40%
44 Forward
1 - 0% - 60%
2 - 0% - 40%
44 Defense
1 - 0% - 60%
2 - 0% - 40%
Last Minute Offensive  - 0:00
Last Minute Defensive  - 0:00
Total
Forward - 60:00
Defense - 60:00

% Time on Ice - Panthers

Lines # - Real PCT - Wanted PCT - Time Play
Normal Forward
1 - 34% - 34% - 17:45
2 - 27% - 30% - 13:51
3 - 22% - 23% - 11:34
4 - 17% - 13% - 8:50
Normal Defense
1 - 39% - 40% - 20:24
2 - 30% - 30% - 15:30
3 - 27% - 20% - 13:55
4 - 4% - 10% - 2:11
PP Forward
1 - 52% - 60% - 1:04
2 - 48% - 40% - 0:59
PP Defense
1 - 58% - 60% - 1:11
2 - 42% - 40% - 0:52
PK Forward
1 - 71% - 60% - 4:14
2 - 29% - 40% - 1:43
PK Defense
1 - 49% - 60% - 2:54
2 - 51% - 40% - 3:03
PK3 Forward
1 - 0% - 60%
2 - 0% - 40%
PK3 Defense
1 - 0% - 60%
2 - 0% - 40%
44 Forward
1 - 0% - 60%
2 - 0% - 40%
44 Defense
1 - 0% - 60%
2 - 0% - 40%
Last Minute Offensive  - 0:00
Last Minute Defensive  - 0:00
Total
Forward - 60:00
Defense - 60:00

Play by Play

1st period


0:01 of 1st period - Eric Staal wins face-off versus Aleksander Barkov in neutral zone.
0:56 of 1st period - Wrist shot by Ales Hemsky.
0:56 of 1st period - Deflect By Matt Moulson.
0:56 of 1st period - Stopped by Frederik Andersen without a rebound.
0:57 of 1st period - Johan Larsson wins face-off versus Corey Tropp in Blackhawks zone.
1:04 of 1st period - Snap shot by Johan Larsson.
1:04 of 1st period - Stopped by Carter Hutton without a rebound.
1:05 of 1st period - Johan Larsson wins face-off versus Ryan White in Panthers zone.
1:30 of 1st period - Off-side.
1:31 of 1st period - Eric Staal wins face-off versus Aleksander Barkov in neutral zone.
2:07 of 1st period - Wrist shot by Alexander Steen.
2:07 of 1st period - Stopped by Carter Hutton with a rebound.
2:16 of 1st period - Icing by Andrew Ladd.
2:17 of 1st period - Kyle Brodziak wins face-off versus Sven Andrighetto in Panthers zone.
2:24 of 1st period - Backhand shot by Matt Moulson.
2:24 of 1st period - Stopped by Frederik Andersen without a rebound.
2:25 of 1st period - J.T. Miller wins face-off versus Eric Staal in Blackhawks zone.
2:32 of 1st period - Slapshot by Aleksander Barkov.
2:32 of 1st period - Stopped by Frederik Andersen with a rebound.
2:34 of 1st period - Slapshot by Jay Bouwmeester.
2:34 of 1st period - Shot Misses the Net.
2:36 of 1st period - Slapshot by Jay Bouwmeester.
2:36 of 1st period - Stopped by Frederik Andersen without a rebound.
2:37 of 1st period - Eric Staal wins face-off versus Matt Moulson in Blackhawks zone.
3:07 of 1st period - Wrist shot by Andrew Ladd.
3:07 of 1st period - Stopped by Frederik Andersen without a rebound.
3:08 of 1st period - Tomas Plekanec wins face-off versus Sven Andrighetto in Blackhawks zone.
3:11 of 1st period - Snap shot by Andrew Ladd.
3:11 of 1st period - Stopped by Frederik Andersen without a rebound.
3:12 of 1st period - Vladislav Namestnikov wins face-off versus Aleksander Barkov in Blackhawks zone.
3:37 of 1st period - Andy Greene is hit by Blake Comeau and loses puck.
4:20 of 1st period - Niklas Hjalmarsson is hit by Ryan White and loses puck.
5:24 of 1st period - Slapshot by Matt Moulson.
5:24 of 1st period - Shot Misses the Net.
5:44 of 1st period - Slapshot by Johan Larsson.
5:44 of 1st period - Stopped by Carter Hutton with a rebound.
5:46 of 1st period - Slapshot by Tanner Glass.
5:46 of 1st period - Shot Misses the Net.
5:48 of 1st period - Snap shot by Ryan Ellis.
5:48 of 1st period - Stopped by Carter Hutton with a rebound.
6:39 of 1st period - Icing by Mats Zuccarello.
6:40 of 1st period - Tomas Plekanec wins face-off versus Eric Staal in Panthers zone.
7:10 of 1st period - Wrist shot by Zach Parise.
7:10 of 1st period - Stopped by Carter Hutton with a rebound.
7:18 of 1st period - Matt Greene is hit by Carl Hagelin.
7:30 of 1st period - Derek Forbort is hit by Kyle Brodziak and loses puck.
7:48 of 1st period - Alec Martinez is hit by Andrew Shaw and loses puck.
8:12 of 1st period - Tomas Plekanec is hit by Derek Forbort.
8:31 of 1st period - Adam McQuaid is hit by Alexander Steen.
8:39 of 1st period - Zach Parise is hit by Fedor Tyutin and loses puck.
8:54 of 1st period - Slapshot by Andrew Ladd.
8:54 of 1st period - Stopped by Frederik Andersen without a rebound.
8:55 of 1st period - Aleksander Barkov wins face-off versus Eric Staal in Blackhawks zone.
8:56 of 1st period - Snap shot by Mats Zuccarello.
8:56 of 1st period - Shot Blocked by Andrei Markov.
9:02 of 1st period - Snap shot by Eric Staal.
9:02 of 1st period - Shot Blocked by Fedor Tyutin.
9:04 of 1st period - Slapshot by Ryan Ellis.
9:04 of 1st period - Stopped by Carter Hutton with a rebound.
9:27 of 1st period - Off-side.
9:28 of 1st period - Eric Staal wins face-off versus Kyle Brodziak in neutral zone.
9:31 of 1st period - Wrist shot by Eric Staal.
9:31 of 1st period - Stopped by Carter Hutton without a rebound.
9:32 of 1st period - Eric Staal wins face-off versus Kyle Brodziak in Panthers zone.
9:43 of 1st period - Wrist shot by Henrik Zetterberg.
9:43 of 1st period - Shot Misses the Net.
10:27 of 1st period - Snap shot by Tomas Plekanec.
10:27 of 1st period - Stopped by Frederik Andersen without a rebound.
10:28 of 1st period - Eric Staal wins face-off versus Aleksander Barkov in Blackhawks zone.
10:42 of 1st period - Wrist shot by Eric Staal.
10:42 of 1st period - Shot Blocked by Aleksander Barkov.
10:44 of 1st period - Snap shot by Andrew Shaw.
10:44 of 1st period - Deflect By Eric Staal.
10:44 of 1st period - Shot Hit the Post.
10:44 of 1st period - Puck is out of play.
10:45 of 1st period - Andrew Ladd wins face-off versus Alexander Steen in Panthers zone.
10:52 of 1st period - Wrist shot by Andrew Ladd.
10:52 of 1st period - Shot Misses the Net.
11:23 of 1st period - Aleksander Barkov is hit by Henrik Zetterberg and loses puck.
12:20 of 1st period - Wrist shot by Andrew Ladd.
12:20 of 1st period - Goal by Andrew Ladd - Blackhawks : 0 - Panthers : 1.
12:21 of 1st period - Kyle Brodziak wins face-off versus Eric Staal in neutral zone.
12:28 of 1st period - Slapshot by Matt Moulson.
12:28 of 1st period - Stopped by Frederik Andersen with a rebound.
12:32 of 1st period - Snap shot by Ales Hemsky.
12:32 of 1st period - Stopped by Frederik Andersen without a rebound.
12:33 of 1st period - Aleksander Barkov wins face-off versus Eric Staal in Blackhawks zone.
13:05 of 1st period - Slapshot by Henrik Zetterberg.
13:05 of 1st period - Stopped by Carter Hutton with a rebound.
13:07 of 1st period - Slapshot by Andrei Markov.
13:07 of 1st period - Stopped by Carter Hutton with a rebound.
13:53 of 1st period - Snap shot by Sven Andrighetto.
13:53 of 1st period - Shot Misses the Net.
14:42 of 1st period - Snap shot by Brett Connolly.
14:42 of 1st period - Stopped by Carter Hutton without a rebound.
14:43 of 1st period - Tomas Plekanec wins face-off versus Eric Staal in Panthers zone.
15:17 of 1st period - Wrist shot by Alexander Steen.
15:17 of 1st period - Deflect By Zach Parise.
15:17 of 1st period - Shot Blocked by Fedor Tyutin.
15:17 of 1st period - Puck is out of play.
15:18 of 1st period - Eric Staal wins face-off versus Aleksander Barkov in Panthers zone.
15:23 of 1st period - Slapshot by Henrik Zetterberg.
15:23 of 1st period - Shot Blocked by Nathan Beaulieu.
15:25 of 1st period - Slapshot by Andrei Markov.
15:25 of 1st period - Stopped by Carter Hutton with a rebound.
15:34 of 1st period - Minor Penalty to Nathan Beaulieu for Slashing.
15:35 of 1st period - Eric Staal wins face-off versus Aleksander Barkov in Panthers zone.
15:44 of 1st period - Off-side.
15:45 of 1st period - Eric Staal wins face-off versus Aleksander Barkov in neutral zone.
16:39 of 1st period - Snap shot by Ryan White.
16:39 of 1st period - Deflect By Matt Moulson.
16:39 of 1st period - Shot Misses the Net.
16:39 of 1st period - Puck is out of play.
16:40 of 1st period - Alexander Steen wins face-off versus Ryan White in Blackhawks zone.
17:07 of 1st period - Snap shot by Henrik Zetterberg.
17:07 of 1st period - Stopped by Carter Hutton with a rebound.
17:34 of 1st period - Penalty to Nathan Beaulieu is over, Nathan Beaulieu is back on ice.
17:47 of 1st period - Slapshot by Andrew Ladd.
17:47 of 1st period - Shot Misses the Net.
17:49 of 1st period - Slapshot by Jay Bouwmeester.
17:49 of 1st period - Stopped by Frederik Andersen without a rebound.
17:50 of 1st period - Aleksander Barkov wins face-off versus Vladislav Namestnikov in Blackhawks zone.
18:37 of 1st period - Kyle Brodziak is hit by Andrew Shaw.
18:41 of 1st period - Matt Moulson is hit by Andrew Shaw.
18:57 of 1st period - Wrist shot by Johan Larsson.
18:57 of 1st period - Shot Blocked by Nathan Beaulieu.
19:03 of 1st period - Snap shot by Brett Connolly.
19:03 of 1st period - Shot Misses the Net.
19:39 of 1st period - Off-side.
19:40 of 1st period - Eric Staal wins face-off versus Kyle Brodziak in neutral zone.
19:43 of 1st period - Wrist shot by Andrew Shaw.
19:43 of 1st period - Stopped by Carter Hutton with a rebound.
19:47 of 1st period - Snap shot by Henrik Zetterberg.
19:47 of 1st period - Stopped by Carter Hutton with a rebound.
19:49 of 1st period - Slapshot by Andrew Shaw.
19:49 of 1st period - Shot Misses the Net.
19:51 of 1st period - Slapshot by Ryan Ellis.
19:51 of 1st period - Stopped by Carter Hutton with a rebound.
19:53 of 1st period - Wrist shot by Andrew Shaw.
19:53 of 1st period - Shot Hit the Post.
19:55 of 1st period - Backhand shot by Henrik Zetterberg.
19:55 of 1st period - Shot Blocked by Alec Martinez.
Goals for this period are 0 for Blackhawks vs 1 for Panthers.
Shots for this period are 15 for Blackhawks vs 12 for Panthers.

2nd period


0:01 of 2nd period - Aleksander Barkov wins face-off versus Andrew Shaw in neutral zone.
0:26 of 2nd period - Aleksander Barkov is hit by Andrei Markov and loses puck.
0:55 of 2nd period - Wrist shot by Tomas Plekanec.
0:55 of 2nd period - Stopped by Frederik Andersen without a rebound.
0:56 of 2nd period - Tomas Plekanec wins face-off versus Eric Staal in Blackhawks zone.
1:14 of 2nd period - Slapshot by Tomas Plekanec.
1:14 of 2nd period - Deflect By Blake Comeau.
1:14 of 2nd period - Shot Blocked by Ryan Ellis.
1:14 of 2nd period - Puck is out of play.
1:15 of 2nd period - Kyle Brodziak wins face-off versus Alexander Steen in Blackhawks zone.
1:18 of 2nd period - Wrist shot by Ales Hemsky.
1:18 of 2nd period - Shot Misses the Net.
1:20 of 2nd period - Wrist shot by Ales Hemsky.
1:20 of 2nd period - Stopped by Frederik Andersen with a rebound.
1:22 of 2nd period - Slapshot by Ales Hemsky.
1:22 of 2nd period - Stopped by Frederik Andersen without a rebound.
1:23 of 2nd period - Kyle Brodziak wins face-off versus Zach Parise in Blackhawks zone.
1:24 of 2nd period - Slapshot by Matt Moulson.
1:24 of 2nd period - Stopped by Frederik Andersen without a rebound.
1:25 of 2nd period - Alexander Steen wins face-off versus Kyle Brodziak in Blackhawks zone.
1:45 of 2nd period - Ryan Ellis is hit by Adam McQuaid.
1:54 of 2nd period - Off-side.
1:55 of 2nd period - Tomas Plekanec wins face-off versus Eric Staal in neutral zone.
2:06 of 2nd period - Snap shot by Andrew Shaw.
2:06 of 2nd period - Shot Blocked by Alec Martinez.
2:08 of 2nd period - Wrist shot by Henrik Zetterberg.
2:08 of 2nd period - Deflect By Eric Staal.
2:08 of 2nd period - Shot Misses the Net.
2:08 of 2nd period - Puck is out of play.
2:09 of 2nd period - J.T. Miller wins face-off versus Eric Staal in Panthers zone.
2:16 of 2nd period - Snap shot by Mats Zuccarello.
2:16 of 2nd period - Shot Blocked by Andrei Markov.
2:18 of 2nd period - Snap shot by J.T. Miller.
2:18 of 2nd period - Shot Blocked by Henrik Zetterberg.
2:22 of 2nd period - Snap shot by Aleksander Barkov.
2:22 of 2nd period - Shot Misses the Net.
2:24 of 2nd period - Snap shot by Aleksander Barkov.
2:24 of 2nd period - Stopped by Frederik Andersen without a rebound.
2:25 of 2nd period - Tomas Plekanec wins face-off versus Carl Hagelin in Blackhawks zone.
2:30 of 2nd period - Snap shot by Andrew Ladd.
2:30 of 2nd period - Stopped by Frederik Andersen with a rebound.
2:32 of 2nd period - Snap shot by Blake Comeau.
2:32 of 2nd period - Stopped by Frederik Andersen without a rebound.
2:33 of 2nd period - Alexander Steen wins face-off versus Tomas Plekanec in Blackhawks zone.
2:42 of 2nd period - Backhand shot by Tomas Plekanec.
2:42 of 2nd period - Stopped by Frederik Andersen without a rebound.
2:43 of 2nd period - Andrew Shaw wins face-off versus Aleksander Barkov in Blackhawks zone.
3:13 of 2nd period - Slapshot by Zach Parise.
3:13 of 2nd period - Stopped by Carter Hutton without a rebound.
3:14 of 2nd period - Tomas Plekanec wins face-off versus Eric Staal in Panthers zone.
3:23 of 2nd period - Snap shot by Henrik Zetterberg.
3:23 of 2nd period - Shot Misses the Net.
3:25 of 2nd period - Snap shot by Henrik Zetterberg.
3:25 of 2nd period - Deflect By Blake Comeau.
3:25 of 2nd period - Shot Blocked by Adam McQuaid.
3:25 of 2nd period - Puck is out of play.
3:26 of 2nd period - Aleksander Barkov wins face-off versus Eric Staal in Panthers zone.
3:40 of 2nd period - Snap shot by Andrew Shaw.
3:40 of 2nd period - Shot Misses the Net.
3:42 of 2nd period - Snap shot by Ryan Ellis.
3:42 of 2nd period - Shot Misses the Net.
3:52 of 2nd period - Andrei Markov is hit by Kyle Brodziak and loses puck.
4:14 of 2nd period - Chris Kunitz is hit by Fedor Tyutin.
4:37 of 2nd period - Slapshot by Brett Connolly.
4:37 of 2nd period - Shot Misses the Net.
5:23 of 2nd period - Kyle Brodziak is hit by Andrew Shaw and loses puck.
7:10 of 2nd period - Slapshot by Tomas Plekanec.
7:10 of 2nd period - Shot Blocked by Ryan Ellis.
7:29 of 2nd period - Minor Penalty to Ryan Ellis for Holding.
7:30 of 2nd period - Alexander Steen wins face-off versus Aleksander Barkov in Blackhawks zone.
9:02 of 2nd period - Henrik Zetterberg is hit by Alec Martinez and loses puck.
9:29 of 2nd period - Penalty to Ryan Ellis is over, Ryan Ellis is back on ice.
10:23 of 2nd period - Snap shot by Andrei Markov.
10:23 of 2nd period - Stopped by Carter Hutton without a rebound.
10:24 of 2nd period - Alexander Steen wins face-off versus Aleksander Barkov in Panthers zone.
10:35 of 2nd period - Snap shot by Carl Hagelin.
10:35 of 2nd period - Shot Blocked by Nathan Beaulieu.
10:56 of 2nd period - Backhand shot by Brett Connolly.
10:56 of 2nd period - Shot Blocked by Matt Greene.
10:58 of 2nd period - Wrist shot by Johan Larsson.
10:58 of 2nd period - Shot Misses the Net.
11:00 of 2nd period - Slapshot by Niklas Hjalmarsson.
11:00 of 2nd period - Goal by Niklas Hjalmarsson - Blackhawks : 1 - Panthers : 1.
11:01 of 2nd period - Aleksander Barkov wins face-off versus Alexander Steen in neutral zone.
11:15 of 2nd period - Off-side.
11:16 of 2nd period - Eric Staal wins face-off versus Tomas Plekanec in neutral zone.
11:25 of 2nd period - Henrik Zetterberg is hit by Blake Comeau and loses puck.
11:30 of 2nd period - Wrist shot by Andrew Ladd.
11:30 of 2nd period - Shot Misses the Net.
11:52 of 2nd period - J.T. Miller is hit by Carl Hagelin.
12:10 of 2nd period - Snap shot by Brett Connolly.
12:10 of 2nd period - Stopped by Carter Hutton with a rebound.
12:12 of 2nd period - Slapshot by Ryan Ellis.
12:12 of 2nd period - Stopped by Carter Hutton with a rebound.
12:14 of 2nd period - Slapshot by Andrei Markov.
12:14 of 2nd period - Shot Misses the Net.
12:54 of 2nd period - Wrist shot by Mats Zuccarello.
12:54 of 2nd period - Goal by Mats Zuccarello - Blackhawks : 1 - Panthers : 2.
12:55 of 2nd period - Alexander Steen wins face-off versus Aleksander Barkov in neutral zone.
13:23 of 2nd period - Minor Penalty to Adam McQuaid for Diving.
13:24 of 2nd period - Eric Staal wins face-off versus Aleksander Barkov in Panthers zone.
13:50 of 2nd period - Jay Bouwmeester is hit by Zach Parise and loses puck.
13:59 of 2nd period - Wrist shot by Carl Hagelin.
13:59 of 2nd period - Shot Misses the Net.
15:11 of 2nd period - Eric Staal is hit by Fedor Tyutin and loses puck.
15:23 of 2nd period - Penalty to Adam McQuaid is over, Adam McQuaid is back on ice.
15:23 of 2nd period - Fedor Tyutin is hit by Henrik Zetterberg and loses puck.
15:34 of 2nd period - Fedor Tyutin is hit by Tanner Glass and loses puck.
15:39 of 2nd period - Backhand shot by Johan Larsson.
15:39 of 2nd period - Shot Misses the Net.
15:49 of 2nd period - Johan Larsson is hit by Blake Comeau and loses puck.
16:09 of 2nd period - Wrist shot by Johan Larsson.
16:09 of 2nd period - Shot Blocked by Nathan Beaulieu.
16:53 of 2nd period - Slapshot by Andrei Markov.
16:53 of 2nd period - Shot Blocked by Matt Greene.
16:55 of 2nd period - Snap shot by Johan Larsson.
16:55 of 2nd period - Stopped by Carter Hutton without a rebound.
16:56 of 2nd period - Alexander Steen wins face-off versus Aleksander Barkov in Panthers zone.
17:05 of 2nd period - Niklas Hjalmarsson is hit by Aleksander Barkov.
17:28 of 2nd period - Backhand shot by Henrik Zetterberg.
17:28 of 2nd period - Deflect By Andrew Shaw.
17:28 of 2nd period - Shot Misses the Net.
17:28 of 2nd period - Puck is out of play.
17:29 of 2nd period - Ryan White wins face-off versus Henrik Zetterberg in Panthers zone.
17:34 of 2nd period - Eric Staal is hit by Ryan White and loses puck.
17:45 of 2nd period - Henrik Zetterberg is hit by Corey Tropp and loses puck.
18:06 of 2nd period - Snap shot by Mats Zuccarello.
18:06 of 2nd period - Shot Blocked by Ryan Ellis.
18:46 of 2nd period - Icing by Mats Zuccarello.
18:47 of 2nd period - Aleksander Barkov wins face-off versus Vladislav Namestnikov in Panthers zone.
19:12 of 2nd period - Wrist shot by Henrik Zetterberg.
19:12 of 2nd period - Shot Blocked by Nathan Beaulieu.
19:14 of 2nd period - Snap shot by Eric Staal.
19:14 of 2nd period - Stopped by Carter Hutton with a rebound.
Goals for this period are 1 for Blackhawks vs 1 for Panthers.
Shots for this period are 7 for Blackhawks vs 9 for Panthers.

3rd period


0:01 of 3rd period - Tomas Plekanec wins face-off versus Eric Staal in neutral zone.
0:08 of 3rd period - Wrist shot by Blake Comeau.
0:08 of 3rd period - Stopped by Frederik Andersen with a rebound.
0:26 of 3rd period - Matt Moulson is hit by Carl Hagelin and loses puck.
1:20 of 3rd period - Icing by Niklas Hjalmarsson.
1:21 of 3rd period - Tomas Plekanec wins face-off versus Johan Larsson in Blackhawks zone.
1:22 of 3rd period - Backhand shot by Andrew Ladd.
1:22 of 3rd period - Stopped by Frederik Andersen without a rebound.
1:23 of 3rd period - Tomas Plekanec wins face-off versus Andrew Shaw in Blackhawks zone.
2:07 of 3rd period - Icing by Zach Parise.
2:08 of 3rd period - J.T. Miller wins face-off versus Vladislav Namestnikov in Blackhawks zone.
2:23 of 3rd period - Wrist shot by Aleksander Barkov.
2:23 of 3rd period - Stopped by Frederik Andersen with a rebound.
2:31 of 3rd period - Minor Penalty to Chris Kunitz for Hooking.
2:32 of 3rd period - Aleksander Barkov wins face-off versus Eric Staal in Blackhawks zone.
2:35 of 3rd period - Snap shot by Mats Zuccarello.
2:35 of 3rd period - Deflect By J.T. Miller.
2:35 of 3rd period - Goal by J.T. Miller - Blackhawks : 1 - Panthers : 3.
2:36 of 3rd period - Tomas Plekanec wins face-off versus Eric Staal in neutral zone.
3:01 of 3rd period - Carl Hagelin is hit by Jay Bouwmeester and loses puck.
3:24 of 3rd period - Snap shot by Aleksander Barkov.
3:24 of 3rd period - Stopped by Frederik Andersen with a rebound.
3:26 of 3rd period - Slapshot by Alec Martinez.
3:26 of 3rd period - Stopped by Frederik Andersen with a rebound.
3:28 of 3rd period - Wrist shot by Jay Bouwmeester.
3:28 of 3rd period - Deflect By Ryan White.
3:28 of 3rd period - Shot Blocked by Andy Greene.
3:28 of 3rd period - Puck is out of play.
3:29 of 3rd period - Eric Staal wins face-off versus Ryan White in Blackhawks zone.
5:03 of 3rd period - Slapshot by Andrew Shaw.
5:03 of 3rd period - Stopped by Carter Hutton without a rebound.
5:04 of 3rd period - Tomas Plekanec wins face-off versus Zach Parise in Panthers zone.
5:24 of 3rd period - Alexander Steen is hit by Andrew Ladd.
7:12 of 3rd period - Icing by Sven Andrighetto.
7:13 of 3rd period - Aleksander Barkov wins face-off versus Vladislav Namestnikov in Blackhawks zone.
7:46 of 3rd period - Slapshot by Alec Martinez.
7:46 of 3rd period - Deflect By Matt Moulson.
7:46 of 3rd period - Stopped by Frederik Andersen without a rebound.
7:47 of 3rd period - Eric Staal wins face-off versus Tomas Plekanec in Blackhawks zone.
7:56 of 3rd period - Adam McQuaid is hit by Ryan Ellis and loses puck.
8:33 of 3rd period - Andrew Shaw is hit by Jay Bouwmeester and loses puck.
8:41 of 3rd period - Off-side.
8:42 of 3rd period - Tomas Plekanec wins face-off versus Alexander Steen in neutral zone.
9:32 of 3rd period - Snap shot by Ales Hemsky.
9:32 of 3rd period - Stopped by Frederik Andersen with a rebound.
9:34 of 3rd period - Wrist shot by Adam McQuaid.
9:34 of 3rd period - Shot Blocked by Brett Connolly.
10:02 of 3rd period - Backhand shot by Blake Comeau.
10:02 of 3rd period - Stopped by Frederik Andersen with a rebound.
10:04 of 3rd period - Wrist shot by Matt Greene.
10:04 of 3rd period - Shot Misses the Net.
10:14 of 3rd period - Derek Forbort is hit by Nathan Beaulieu and loses puck.
11:15 of 3rd period - Tomas Plekanec is hit by Tanner Glass and loses puck.
11:20 of 3rd period - Wrist shot by Johan Larsson.
11:20 of 3rd period - Shot Misses the Net.
11:42 of 3rd period - Wrist shot by Eric Staal.
11:42 of 3rd period - Stopped by Carter Hutton without a rebound.
11:43 of 3rd period - Aleksander Barkov wins face-off versus Vladislav Namestnikov in Panthers zone.
13:13 of 3rd period - Wrist shot by Vladislav Namestnikov.
13:13 of 3rd period - Stopped by Carter Hutton with a rebound.
13:15 of 3rd period - Slapshot by Derek Forbort.
13:15 of 3rd period - Deflect By Chris Kunitz.
13:15 of 3rd period - Shot Hit the Post.
13:15 of 3rd period - Puck is out of play.
13:16 of 3rd period - Vladislav Namestnikov wins face-off versus Aleksander Barkov in Panthers zone.
13:21 of 3rd period - Snap shot by Sven Andrighetto.
13:21 of 3rd period - Goal by Sven Andrighetto - Blackhawks : 2 - Panthers : 3.
13:22 of 3rd period - Eric Staal wins face-off versus Tomas Plekanec in neutral zone.
13:28 of 3rd period - Minor Penalty to Tomas Plekanec for Hooking.
13:29 of 3rd period - Eric Staal wins face-off versus Aleksander Barkov in Panthers zone.
13:52 of 3rd period - Aleksander Barkov is hit by Eric Staal.
15:28 of 3rd period - Penalty to Tomas Plekanec is over, Tomas Plekanec is back on ice.
16:06 of 3rd period - Derek Forbort is hit by Nathan Beaulieu and loses puck.
16:38 of 3rd period - Andrew Ladd is hit by Ryan Ellis and loses puck.
16:45 of 3rd period - Slapshot by Brett Connolly.
16:45 of 3rd period - Shot Misses the Net.
16:47 of 3rd period - Slapshot by Derek Forbort.
16:47 of 3rd period - Stopped by Carter Hutton without a rebound.
16:48 of 3rd period - Vladislav Namestnikov wins face-off versus Kyle Brodziak in Panthers zone.
16:49 of 3rd period - Wrist shot by Sven Andrighetto.
16:49 of 3rd period - Stopped by Carter Hutton with a rebound.
16:55 of 3rd period - Wrist shot by Chris Kunitz.
16:55 of 3rd period - Deflect By Sven Andrighetto.
16:55 of 3rd period - Stopped by Carter Hutton with a rebound.
17:29 of 3rd period - Snap shot by Johan Larsson.
17:29 of 3rd period - Shot Misses the Net.
17:31 of 3rd period - Wrist shot by Tanner Glass.
17:31 of 3rd period - Shot Misses the Net.
17:33 of 3rd period - Wrist shot by Tanner Glass.
17:33 of 3rd period - Stopped by Carter Hutton without a rebound.
17:34 of 3rd period - Johan Larsson wins face-off versus Tomas Plekanec in Panthers zone.
17:39 of 3rd period - Backhand shot by Brett Connolly.
17:39 of 3rd period - Shot Misses the Net.
17:41 of 3rd period - Snap shot by Johan Larsson.
17:41 of 3rd period - Goal by Johan Larsson - Blackhawks : 3 - Panthers : 3.
17:42 of 3rd period - Vladislav Namestnikov wins face-off versus Kyle Brodziak in neutral zone.
17:45 of 3rd period - Snap shot by Sven Andrighetto.
17:45 of 3rd period - Shot Blocked by Alec Martinez.
19:12 of 3rd period - Off-side.
19:13 of 3rd period - Aleksander Barkov wins face-off versus Alexander Steen in neutral zone.
19:26 of 3rd period - Slapshot by Vladislav Namestnikov.
19:26 of 3rd period - Deflect By Chris Kunitz.
19:26 of 3rd period - Stopped by Carter Hutton with a rebound.
19:28 of 3rd period - Snap shot by Andrei Markov.
19:28 of 3rd period - Shot Misses the Net.
19:32 of 3rd period - Slapshot by Chris Kunitz.
19:32 of 3rd period - Stopped by Carter Hutton with a rebound.
19:34 of 3rd period - Snap shot by Chris Kunitz.
19:34 of 3rd period - Shot Misses the Net.
19:46 of 3rd period - Backhand shot by Zach Parise.
19:46 of 3rd period - Stopped by Carter Hutton with a rebound.
Goals for this period are 2 for Blackhawks vs 1 for Panthers.
Shots for this period are 12 for Blackhawks vs 9 for Panthers.

Overtime #1


0:01 of 1st overtime period - Tomas Plekanec wins face-off versus Henrik Zetterberg in neutral zone.
0:50 of 1st overtime period - Slapshot by Eric Staal.
0:50 of 1st overtime period - Shot Blocked by J.T. Miller.
1:06 of 1st overtime period - Alec Martinez is hit by Andrei Markov and loses puck.
1:45 of 1st overtime period - Snap shot by Carl Hagelin.
1:45 of 1st overtime period - Deflect By Chris Kunitz.
1:45 of 1st overtime period - Stopped by Carter Hutton without a rebound.
1:46 of 1st overtime period - Aleksander Barkov wins face-off versus Henrik Zetterberg in Panthers zone.
2:10 of 1st overtime period - Zach Parise is hit by Tomas Plekanec and loses puck.
3:03 of 1st overtime period - Wrist shot by Alexander Steen.
3:03 of 1st overtime period - Shot Misses the Net.
3:09 of 1st overtime period - Niklas Hjalmarsson is hit by Blake Comeau and loses puck.
3:36 of 1st overtime period - Wrist shot by Chris Kunitz.
3:36 of 1st overtime period - Stopped by Carter Hutton without a rebound.
3:37 of 1st overtime period - J.T. Miller wins face-off versus Zach Parise in Panthers zone.
3:44 of 1st overtime period - Snap shot by J.T. Miller.
3:44 of 1st overtime period - Goal by J.T. Miller - Blackhawks : 3 - Panthers : 4.
Goals for this period are 0 for Blackhawks vs 1 for Panthers.
Shots for this period are 2 for Blackhawks vs 1 for Panthers.